 Dungeon Crawl Stone Soup version 0.30-a0-339-g89bb51ec76 (webtiles) character file.

Game seed: 13892214374212623404

34 koil the Trooper (level 3, 0/40 HPs)
             Began as an Ogre Cinder Acolyte on Nov 1, 2022.
             Was a High Priest of Ignis.
             Slain by Terence
             ... wielding a +0 flail
              (7 damage)
             ... on level 2 of the Dungeon.
             The game lasted 00:03:20 (1208 turns).

koil the Trooper (Ogre Cinder Acolyte)              Turns: 1208, Time: 00:03:20

Health: 0/40       AC:  3    Str: 18    XL:     3   Next: 31%
Magic:  1/5        EV:  9    Int: 17    God:    Ignis [*****.]
Gold:   9          SH:  0    Dex:  4    Spells: 3/5 levels left

rFire   + . .      SeeInvis .    a - -1 hand axe (flame)
rCold   . . .      Faith    .    (no shield)
rNeg    . . .      Spirit   .    b - +0 robe
rPois   .          Reflect  .    (helmet restricted)
rElec   .          Harm     .    (no cloak)
rCorr   .          Rampage  .    (gloves unavailable)
Will    .....                    (boots unavailable)
Stlth   +.........               (no amulet)
HPRegen 0.26/turn                (no ring)
MPRegen 0.09/turn                (no ring)

@: no status effects
A: large, unfitting armour, tough skin 1
a: Renounce Religion, Fiery Armour, Foxfire Swarm, Rising Flame


You were on level 2 of the Dungeon.
You worshipped Ignis.
Ignis was extremely pleased with you.
You visited 1 branch of the dungeon, and saw 2 of its levels.

You collected 9 gold pieces.

Inventory:

Hand Weapons
 a - a -1 hand axe of flaming (weapon)
Armour
 b - a +0 robe (worn)
Jewellery
 g - a ring of ice
Scrolls
 c - a scroll of enchant armour {unknown}
 e - a scroll of vulnerability {unknown}
 f - a scroll of teleportation {unknown}
 k - a scroll of enchant weapon {unknown}
Potions
 d - a potion of mutation {unknown}
 h - 2 potions of haste {unknown}
 i - a potion of might {unknown}
 j - 3 potions of curing {unknown}


   Skills:
 + Level 4.4 Fighting
 + Level 3.2 Axes
 + Level 0.9 Dodging
 + Level 1.9 Spellcasting
 + Level 3.0 Fire Magic


You had 3 spell levels left.
You knew the following spells:

 Your Spells              Type           Power      Damage    Failure   Level
a - Scorch                Fire           22%        2d6       9%          2

Your spell library contained the following spells:

 Spells                   Type           Power      Damage    Failure   Level
 Sandblast                Erth           2%         2d4       21%         1
 Passwall                 Tmut/Erth      0%         N/A       30%         2
 Stone Arrow              Conj/Erth      2%         3d7       52%         3


Dungeon Overview and Level Annotations

Branches:
Dungeon (2/15)

Altars:
Cheibriados

Annotations:
D:2 Terence


Innate Abilities, Weirdness & Mutations

You are too large for most types of armour.
You have tough skin. (AC +1)


Message History

Confirm with . or Enter, or press ? or * to list all spells.
You miscast Scorch.
Nothing appears to happen.
Casting: Scorch (safe; 9% risk of failure)
Confirm with . or Enter, or press ? or * to list all spells.
You don't have enough magic to cast this spell.
Casting: Scorch (safe; 9% risk of failure)
Confirm with . or Enter, or press ? or * to list all spells.
You don't have enough magic to cast this spell.
Terence attacks as you move away! Terence misses you.
Terence attacks as you move away! Terence hits you with a +0 flail!
Terence attacks as you move away! Terence closely misses you.
Found a snail-covered altar of Cheibriados.
Terence attacks as you move away! Terence barely misses you.
Your magical contamination has completely faded away.
Found a human skeleton.
Terence attacks as you move away! Terence hits you with a +0 flail!
Terence attacks as you move away! Terence hits you with a +0 flail!
Casting: Scorch (safe; 9% risk of failure)
Confirm with . or Enter, or press ? or * to list all spells.
Flames lash Terence.
Terence is lightly wounded.
Terence's fire resistance burns away.
Terence bares his teeth.
Terence hits you with a +0 flail!
* * * LOW HITPOINT WARNING * * *
Unknown command.
Casting: Scorch (safe; 9% risk of failure)
Confirm with . or Enter, or press ? or * to list all spells.
You don't have enough magic to cast this spell.
Unknown command.
Terence attacks as you move away! Terence hits you with a +0 flail.
* * * LOW HITPOINT WARNING * * *
Terence barely misses you.
Found two human skeletons.
Terence is no longer more vulnerable to fire.
Terence attacks as you move away! Terence hits you but does no damage.
Found a flail and two human skeletons.
Found a faded altar of an unknown god.
Terence hits you with a +0 flail!
You die...

#.#..........# # #.
#...# #.#........#.#
#. #...#
#.#........#.## # #.
#####
#.#...........##.##+
#'#.................
..........._..##....
...............###..
...............@.# .
...#######.....#@#
...#
#####..##.8.8...#
##.#
#...#..#...÷...8#
#.#
##.<.#..#.......)#
#.#
#....#..#....÷.÷8.
#)#
##...#####......÷..
#.###....#
#_÷.....8.
#..#....##
########## ##....♣.#


You could see Terence.

Vanquished Creatures
  2 adders (D:2)
  A worm (D:2)
  3 ball pythons
  2 hobgoblins
  3 frilled lizards
  3 kobolds
  2 rats (D:1)
16 creatures vanquished.

Notes
Turn   | Place    | Note
-------+----------+-------------------------------------------
     0 | D:1      | koil the Ogre Cinder Acolyte began the quest for the Orb.
     0 | D:1      | Reached XP level 1. HP: 24/24 MP: 2/2
   385 | D:1      | You fall into a shaft and drop 1 floor!
   797 | D:2      | Reached XP level 2. HP: 10/32 MP: 2/4
   800 | D:2      | Learned a level 2 spell: Scorch
   932 | D:2      | Reached XP level 3. HP: 16/40 MP: 1/5
  1179 | D:2      | Noticed Terence
  1193 | D:2      | Found a snail-covered altar of Cheibriados.
  1207 | D:2      | Found a faded altar of an unknown god.
  1208 | D:2      | Slain by Terence

Illustrated notes

Levels and vault maps discovered:
D:1:      lemuel_arrival_room, layout_basic
D:2:      layout_basic, basic_altar, shapermc_ecumenical_altar_pompeii,
          grunt_ministairs_12, chequers_avenue, minmay_increasing_density,
          uniq_crazy_yiuf_cottage, uniq_terence

Skill      XL: |  1  2  3 |
---------------+----------+-----
Fire Magic     | 3 |  3.0
Fighting       | |  4.4
Axes           | |  3.2
Dodging        | |  0.9
Spellcasting   | |  1.9

Action                   || total
-------------------------++-------
Melee: Hand axe          ||    69
       Punch             ||     1
 Cast: Scorch            ||     4
Armor: Robe              ||    21
Dodge: Dodged            ||    26

Table legend: (Time is in decaauts)
 A = Elapsed time spent in this place.
 B = Non-inter-level travel time spent in this place.
 C = Inter-level travel time spent in this place.
 D = Time resting spent in this place.
 E = Time spent auto-exploring this place.
 F = Levels seen in this place.
 G = Mean time per level.
                   A        B        C        D        E       F      G
               +--------+--------+--------+--------+--------+-----+--------+
         Total |   1219 |   1208 |     11 |    252 |    753 |   2 |  609.5 |
       Dungeon |   1219 |   1208 |     11 |    252 |    753 |   2 |  609.5 |
               +--------+--------+--------+--------+--------+-----+--------+

Top non-repeatable levels by time:
     D:1: 763 daAuts
     D:2: 456 daAuts
